NCAA
MICHIGAN STATE SPARTANS @ SAINT JOHN'S RED STORM
05/03/2027
 
TOP OF THE 1ST
Michigan State Spartans batting - Pitching for Saint John's Red Storm : RHP Rob Larson
Pitching: RHP Rob Larson
Batting: SHB Joe Emery 0-0: Ball
1-0: Called Strike
1-1: Ball
2-1: Fly out, F7 (Flyball, 7S)
Batting: LHB Gabriel Estrada 0-0: Foul Ball, location: 2F
0-1: Ball
1-1: Foul Ball, location: 2F
1-2: SINGLE (Line Drive, 34D)
Batting: LHB Cliff Mills 0-0: SINGLE (Groundball, 34S) (infield hit)
Gabriel Estrada to second
Batting: RHB Ryan Nelson 0-0: Called Strike
0-1: Ball
1-1: Called Strike
Throwing error on steal attempt, E2
Gabriel Estrada scores
Cliff Mills to third
1-2: Foul Ball, location: 2F
1-2: SINGLE (Line Drive, 34D)
Cliff Mills scores
Batting: RHB Ryan Fullerton 0-0: Ball
1-0: Foul Ball, location: 2F
1-1: Swinging Strike
1-2: Fly out, F9 (Flyball, 9LS)
Batting: LHB Aaron Aguirre 0-0: Foul Ball, location: 2F
0-1: Ball
1-1: Ball
2-1: Ball
3-1: Swinging Strike
3-2: Ground out 4-3 (Groundball, 4)
Top of the 1st over - 2 run(s), 3 hit(s), 1 error(s), 1 left on base; Michigan State 2 - Saint John's 0
BOTTOM OF THE 1ST
Saint John's Red Storm batting - Pitching for Michigan State Spartans : RHP Ralph Williams
Pitching: RHP Ralph Williams
Batting: SHB Roderick Thurman 0-0: Ground out 5-3 (Groundball, 2L)
Batting: RHB Miguel Hernández 0-0: Ball
1-0: Foul Ball, location: 2F
1-1: Ball
2-1: Foul Ball, location: 2F
2-2: Ball
3-2: Strikes out swinging
Batting: LHB Robby Lawson 0-0: Ball
1-0: SINGLE (Line Drive, 56D)
Batting: SHB Frank Kennedy 0-0: Ball
Robby Lawson is caught stealing 2nd base
Bottom of the 1st over - 0 run(s), 1 hit(s), 0 error(s), 0 left on base; Michigan State 2 - Saint John's 0
TOP OF THE 2ND
Michigan State Spartans batting - Pitching for Saint John's Red Storm : RHP Rob Larson
Batting: RHB Nelson Wright 0-0: Ball
1-0: SINGLE (Flyball, 78S)
Batting: RHB Scott Juárez 0-0: Grounds into double play, 6-4-3 (Groundball, 6)
Batting: RHB Spike Walters 0-0: Ball
1-0: Called Strike
1-1: Foul Ball, location: 2F
1-2: Ball
2-2: Foul Ball, location: 2F
2-2: Strikes out looking
Top of the 2nd over - 0 run(s), 1 hit(s), 0 error(s), 0 left on base; Michigan State 2 - Saint John's 0
BOTTOM OF THE 2ND
Saint John's Red Storm batting - Pitching for Michigan State Spartans : RHP Ralph Williams
Batting: SHB Frank Kennedy 0-0: Called Strike
0-1: Ball
1-1: Ball
2-1: Ball
3-1: Foul Ball, location: 2F
3-2: Ground out U3 (Groundball, 3L)
Batting: RHB Jeffery Evans 0-0: Called Strike
0-1: Called Strike
0-2: Ball
1-2: SINGLE (Groundball, 34D)
Batting: RHB Sherman Cummings 0-0: Called Strike
0-1: Foul Ball, location: 2F
0-2: Ball
1-2: Foul Ball, location: 2F
1-2: SINGLE (Groundball, 56D)
Jeffery Evans to second
Batting: SHB Michael O'Quigley 0-0: Ball
1-0: 3-RUN HOME RUN (Flyball, 7D), Distance : 370 ft
Batting: SHB Richard Coupland 0-0: Swinging Strike
0-1: Ball
1-1: Foul Ball, location: 2F
1-2: Ball
2-2: Fly out, F8 (Line Drive, 8LM)
Batting: SHB Ray O'Dell 0-0: Called Strike
0-1: Swinging Strike
0-2: Strikes out swinging
Bottom of the 2nd over - 3 run(s), 3 hit(s), 0 error(s), 0 left on base; Michigan State 2 - Saint John's 3
TOP OF THE 3RD
Michigan State Spartans batting - Pitching for Saint John's Red Storm : RHP Rob Larson
Batting: SHB Joe Emery 0-0: Foul Ball, location: 2F
0-1: Called Strike
0-2: Strikes out looking
Batting: LHB Gabriel Estrada 0-0: Called Strike
0-1: Ball
1-1: Ball
2-1: Swinging Strike
2-2: Foul Ball, location: 2F
2-2: Foul Ball, location: 2F
2-2: Strikes out swinging
Batting: LHB Cliff Mills 0-0: Ball
1-0: Ball
2-0: Called Strike
2-1: Ball
3-1: Ground out 1-6-3 (Groundball, 15S)
Top of the 3rd over - 0 run(s), 0 hit(s), 0 error(s), 0 left on base; Michigan State 2 - Saint John's 3
BOTTOM OF THE 3RD
Saint John's Red Storm batting - Pitching for Michigan State Spartans : RHP Ralph Williams
Batting: SHB Roderick Thurman 0-0: Swinging Strike
0-1: Swinging Strike
0-2: Strikes out swinging
Batting: RHB Miguel Hernández 0-0: Ball
1-0: Ball
2-0: Called Strike
2-1: Ball
3-1: Fly out, F8 (Line Drive, 8RD)
Batting: LHB Robby Lawson 0-0: Swinging Strike
0-1: Ball
1-1: Ball
2-1: Foul Ball, location: 2F
2-2: Foul Ball, location: 2F
2-2: SINGLE (Groundball, 56D)
Batting: SHB Frank Kennedy 0-0: Called Strike
0-1: Ground out 1-3 (Groundball, 15)
Bottom of the 3rd over - 0 run(s), 1 hit(s), 0 error(s), 1 left on base; Michigan State 2 - Saint John's 3
TOP OF THE 4TH
Michigan State Spartans batting - Pitching for Saint John's Red Storm : RHP Rob Larson
Batting: RHB Ryan Nelson 0-0: Called Strike
0-1: Foul Ball, location: 2F
0-2: Foul Ball, location: 2F
0-2: Strikes out swinging
Batting: RHB Ryan Fullerton 0-0: Ball
1-0: Ball
2-0: Ball
3-0: Base on Balls
Batting: LHB Aaron Aguirre 0-0: Called Strike
0-1: Swinging Strike
0-2: Ball
1-2: Strikes out looking
Batting: RHB Nelson Wright 0-0: Ball
Ryan Fullerton steals 2nd base
1-0: Called Strike
1-1: Ball
2-1: Ball
3-1: SINGLE (Groundball, 56D)
Ryan Fullerton to third
Runner from 3rd tries for Home, SAFE, no throw
Batting: RHB Scott Juárez 0-0: Ball
1-0: Called Strike
1-1: Called Strike
1-2: Foul Ball, location: 2F
1-2: SINGLE (Groundball, 5S) (infield hit)
Nelson Wright to second
Batting: RHB Spike Walters 0-0: Ball
1-0: Foul Ball, location: 2F
1-1: Fielders Choice at 2nd, 6-4 (Groundball, 6)
Top of the 4th over - 1 run(s), 2 hit(s), 0 error(s), 1 left on base; Michigan State 3 - Saint John's 3
BOTTOM OF THE 4TH
Saint John's Red Storm batting - Pitching for Michigan State Spartans : RHP Ralph Williams
Batting: RHB Jeffery Evans 0-0: Called Strike
0-1: Foul Ball, location: 2F
0-2: Ball
1-2: Ball
2-2: Strikes out swinging
Batting: RHB Sherman Cummings 0-0: Fly out, F8 (Flyball, 8RS)
Batting: SHB Michael O'Quigley 0-0: Ground out 4-3 (Groundball, 4)
Bottom of the 4th over - 0 run(s), 0 hit(s), 0 error(s), 0 left on base; Michigan State 3 - Saint John's 3
TOP OF THE 5TH
Michigan State Spartans batting - Pitching for Saint John's Red Storm : RHP Rob Larson
Batting: SHB Joe Emery 0-0: Ball
1-0: Called Strike
1-1: DOUBLE (Flyball, 8LXD)
Batting: LHB Gabriel Estrada 0-0: Swinging Strike
0-1: Ball
1-1: SINGLE (Line Drive, 78M)
Joe Emery to third
Pitching: RHP Scott Hall
Batting: LHB Cliff Mills 0-0: Ball
1-0: Ball
Gabriel Estrada steals 2nd base
2-0: Intentional Walk
Batting: RHB Ryan Nelson 0-0: Ball
1-0: Called Strike
1-1: Foul Ball, location: 2F
1-2: Foul Ball, location: 2F
1-2: Foul Ball, location: 2F
1-2: Strikes out swinging
Batting: RHB Ryan Fullerton 0-0: SINGLE (Line Drive, 8LS)
Joe Emery scores
Gabriel Estrada to third
Cliff Mills to second
Batting: LHB Aaron Aguirre 0-0: Ball
1-0: Ball
2-0: Ball
3-0: Base on Balls
Gabriel Estrada scores
Cliff Mills to third
Ryan Fullerton to second
Batting: RHB Nelson Wright 0-0: Called Strike
0-1: Ball
1-1: Ball
2-1: Ball
3-1: Foul Ball, location: 2F
3-2: Fly out, F8 (Flyball, 78S)
Runner from 3rd tags up, SCORES, no throw
Batting: RHB Scott Juárez 0-0: Called Strike
0-1: Called Strike
0-2: Ball
1-2: Ball
2-2: Foul Ball, location: 2F
2-2: Ball
3-2: Foul Ball, location: 2F
3-2: Strikes out looking
Top of the 5th over - 3 run(s), 3 hit(s), 0 error(s), 2 left on base; Michigan State 6 - Saint John's 3
BOTTOM OF THE 5TH
Saint John's Red Storm batting - Pitching for Michigan State Spartans : RHP Ralph Williams
Batting: SHB Richard Coupland 0-0: Called Strike
0-1: Called Strike
0-2: Ball
1-2: Ground out 4-3 (Groundball, 4)
Batting: SHB Ray O'Dell 0-0: Ball
1-0: SINGLE (Line Drive, 34D)
Batting: SHB Roderick Thurman 0-0: Called Strike
Ray O'Dell is caught stealing 2nd base
0-1: Ball
1-1: Ball
2-1: Fly out, F4 (Line Drive, 4)
Bottom of the 5th over - 0 run(s), 1 hit(s), 0 error(s), 0 left on base; Michigan State 6 - Saint John's 3
TOP OF THE 6TH
Michigan State Spartans batting - Pitching for Saint John's Red Storm : RHP Scott Hall
Batting: RHB Spike Walters 0-0: Ball
1-0: Ball
2-0: Called Strike
2-1: Ground out 1-3 (Groundball, 13)
Batting: SHB Joe Emery 0-0: Swinging Strike
0-1: Called Strike
0-2: Ball
1-2: Strikes out swinging
Batting: LHB Gabriel Estrada 0-0: Foul Ball, location: 2F
0-1: Foul Ball, location: 2F
0-2: Strikes out swinging
Top of the 6th over - 0 run(s), 0 hit(s), 0 error(s), 0 left on base; Michigan State 6 - Saint John's 3
BOTTOM OF THE 6TH
Saint John's Red Storm batting - Pitching for Michigan State Spartans : RHP Ralph Williams
Batting: RHB Miguel Hernández 0-0: Ball
1-0: Ball
2-0: Ball
3-0: Called Strike
3-1: Called Strike
3-2: Foul Ball, location: 2F
3-2: Strikes out swinging
Batting: LHB Robby Lawson 0-0: Ball
1-0: Fly out, F7 (Line Drive, 78S)
Batting: SHB Frank Kennedy 0-0: Ball
1-0: Foul Ball, location: 2F
1-1: Ball
2-1: Foul Ball, location: 2F
2-2: Ball
3-2: Ground out 3-1 (Groundball, 34)
Bottom of the 6th over - 0 run(s), 0 hit(s), 0 error(s), 0 left on base; Michigan State 6 - Saint John's 3
TOP OF THE 7TH
Michigan State Spartans batting - Pitching for Saint John's Red Storm : RHP Scott Hall
Batting: LHB Cliff Mills 0-0: Ball
1-0: Foul Ball, location: 2F
1-1: DOUBLE (Line Drive, 7LM)
Batting: RHB Ryan Nelson 0-0: Intentional Walk
Batting: RHB Ryan Fullerton 0-0: Grounds into double play, 4-6-3 (Groundball, 4)
Cliff Mills to third
Batting: LHB Aaron Aguirre 0-0: Intentional Walk
Batting: RHB Nelson Wright 0-0: Foul Ball, location: 2F
0-1: Ball
1-1: Swinging Strike
1-2: Ball
2-2: Ball
3-2: Foul Ball, location: 2F
3-2: Fly out, F7 (Flyball, 7S)
Top of the 7th over - 0 run(s), 1 hit(s), 0 error(s), 2 left on base; Michigan State 6 - Saint John's 3
BOTTOM OF THE 7TH
Saint John's Red Storm batting - Pitching for Michigan State Spartans : RHP Ralph Williams
Pitching: RHP Jesús Fabián
Batting: RHB Jeffery Evans 0-0: Called Strike
0-1: Ball
1-1: Swinging Strike
1-2: Ball
2-2: SOLO HOME RUN (Flyball, 78XD), Distance : 381 ft
Batting: RHB Sherman Cummings 0-0: Called Strike
0-1: Fly out, F9 (Line Drive, 9S)
Batting: SHB Michael O'Quigley 0-0: SINGLE (Line Drive, 6M)
Batting: SHB Richard Coupland 0-0: Called Strike
0-1: Ball
1-1: Swinging Strike
1-2: Strikes out looking
Batting: SHB Ray O'Dell 0-0: Ball
1-0: Swinging Strike
1-1: Ball
2-1: Called Strike
2-2: Strikes out swinging
Bottom of the 7th over - 1 run(s), 2 hit(s), 0 error(s), 1 left on base; Michigan State 6 - Saint John's 4
TOP OF THE 8TH
Michigan State Spartans batting - Pitching for Saint John's Red Storm : RHP Scott Hall
Pitching: RHP Greg Muhl
Batting: RHB Scott Juárez 0-0: Called Strike
0-1: Foul Ball, location: 2F
0-2: Ball
1-2: Foul Ball, location: 2F
1-2: Ball
2-2: SOLO HOME RUN (Flyball, 7D), Distance : 371 ft
Batting: RHB Spike Walters 0-0: Foul Ball, location: 2F
0-1: Called Strike
0-2: Fly out, F7 (Flyball, 7)
Batting: SHB Joe Emery 0-0: Reached via error on a dropped throw, E1
Batting: LHB Gabriel Estrada 0-0: Ball
1-0: Ball
2-0: 2-RUN HOME RUN (Flyball, 9D), Distance : 344 ft
Pitching: LHP Clifford Mason
Batting: LHB Cliff Mills 0-0: Called Strike
0-1: Ball
1-1: Ground out 4-3 (Groundball, 4)
Batting: RHB Ryan Nelson 0-0: Called Strike
0-1: Foul Ball, location: 2F
0-2: Strikes out swinging
Top of the 8th over - 3 run(s), 2 hit(s), 1 error(s), 0 left on base; Michigan State 9 - Saint John's 4
BOTTOM OF THE 8TH
Saint John's Red Storm batting - Pitching for Michigan State Spartans : RHP Jesús Fabián
Batting: SHB Roderick Thurman 0-0: Ground out 3-1 (Groundball, 34)
Batting: RHB Miguel Hernández 0-0: Ball
1-0: Swinging Strike
1-1: SINGLE (Groundball, 56D)
Batting: LHB Robby Lawson 0-0: Ground out U3 (Groundball, 3)
Miguel Hernández to second
Batting: SHB Frank Kennedy 0-0: Foul Ball, location: 2F
0-1: Ball
1-1: DOUBLE (Line Drive, 89D)
Miguel Hernández scores
Pitching: LHP Carlos Martínez
Batting: RHB Jeffery Evans 0-0: Ball
1-0: Ball
2-0: Ball
3-0: Base on Balls
Pitching: RHP Rocky Murphy
Batting: RHB Sherman Cummings 0-0: Ball
1-0: Ball
2-0: Ball
3-0: Base on Balls
Frank Kennedy to third
Jeffery Evans to second
Batting: SHB Michael O'Quigley 0-0: Called Strike
0-1: Foul Ball, location: 2F
0-2: Ball
1-2: Strikes out swinging
Bottom of the 8th over - 1 run(s), 2 hit(s), 0 error(s), 3 left on base; Michigan State 9 - Saint John's 5
TOP OF THE 9TH
Michigan State Spartans batting - Pitching for Saint John's Red Storm : LHP Clifford Mason
Batting: RHB Ryan Fullerton 0-0: Called Strike
0-1: Called Strike
0-2: Ball
1-2: Ball
2-2: Ball
3-2: Base on Balls
Batting: LHB Aaron Aguirre 0-0: Sac Bunt - play at second, runner OUT! 3-6
Batting: RHB Nelson Wright 0-0: Called Strike
0-1: 2-RUN HOME RUN (Flyball, 7D), Distance : 359 ft
Batting: RHB Scott Juárez 0-0: Ball
1-0: Ball
2-0: Ball
3-0: Called Strike
3-1: Base on Balls
Batting: RHB Spike Walters 0-0: Foul Ball, location: 2F
0-1: Swinging Strike
0-2: Foul Ball, location: 2F
0-2: Strikes out swinging
Batting: SHB Joe Emery 0-0: Ball
1-0: Called Strike
1-1: Ball
2-1: Reached on error, E6 (Groundball, 56)
Scott Juárez to second
Batting: LHB Gabriel Estrada 0-0: Foul Ball, location: 2F
0-1: Called Strike
0-2: Strikes out swinging
Top of the 9th over - 2 run(s), 1 hit(s), 1 error(s), 2 left on base; Michigan State 11 - Saint John's 5
BOTTOM OF THE 9TH
Saint John's Red Storm batting - Pitching for Michigan State Spartans : RHP Rocky Murphy
Now at 3B: Bennett McGee
Batting: SHB Richard Coupland 0-0: Ball
1-0: Swinging Strike
1-1: Ball
2-1: SOLO HOME RUN (Flyball, 9D), Distance : 355 ft
Batting: SHB Ray O'Dell 0-0: Ground out U3 (Groundball, 34)
Batting: SHB Roderick Thurman 0-0: Called Strike
0-1: Ball
1-1: Ball
2-1: Ball
3-1: Swinging Strike
3-2: Foul Ball, location: 2F
3-2: Base on Balls
Batting: RHB Miguel Hernández 0-0: Ball
1-0: Ball
2-0: Foul Ball, location: 2F
2-1: Foul Ball, location: 2F
2-2: Strikes out swinging
Batting: LHB Robby Lawson 0-0: Ball
1-0: Called Strike
1-1: Fly out, F3 (Popup, 34S)
Bottom of the 9th over - 1 run(s), 1 hit(s), 0 error(s), 1 left on base; Michigan State 11 - Saint John's 6
Thursday, March 30th, 2017 - OOTP Baseball 17.12 Build 75